 Dungeon Crawl Stone Soup version 0.28-a0-628-g3c9886e45e (webtiles) character file.

Game seed: 17984646652774332299

3189 kae the Grappler (level 9, -3/93 HPs)
             Began as a Pale Draconian Transmuter on Oct 8, 2021.
             Slain by Harold (23 damage)
             ... on level 7 of the Dungeon.
             The game lasted 00:06:43 (7715 turns).

kae the Grappler (Pale Draconian Transmuter)        Turns: 7715, Time: 00:06:44

Health: -3/93      AC:  7    Str: 13    XL:     9   Next: 64%
Magic:  20/21      EV: 14    Int: 16    God:
Gold:   934        SH:  0    Dex: 12    Spells: 4/12 levels left

rFire   . . .      SeeInvis .     - Unarmed
rCold   + + +      Faith    .   (shield currently unavailable)
rNeg    . . .      Spirit   .   (armour unavailable)
rPois   +          Reflect  .   (helmet currently unavailable)
rElec   .          Harm     .   (cloak currently unavailable)
rCorr   .          Rampage  .   (gloves currently unavailable)
Will    .....                   (boots currently unavailable)
Stlth   +.........              i - amulet "Nusent" {rF+ rC+ Regen+}
HPRegen 1.25/turn               g - +4 ring of evasion
MPRegen 0.17/turn               l - ring of magical power

@: about to teleport, ice-form, marked
A: freezing attack, amphibious, boosted hp, (breathe steam), AC +7, large,
unfitting armour, (cold-blooded), (steam resistance)
a: End Transformation


You were on level 7 of the Dungeon.
You were a creature of crystalline ice.
You visited 1 branch of the dungeon, and saw 7 of its levels.
You also visited: Ossuary.

You collected 934 gold pieces.

Inventory:

Armour
 k - a +0 pair of gloves (melded)
 v - a +1 cloak (melded)
Jewellery
 g - a +4 ring of evasion (left front paw)
 i - the amulet "Nusent" (around neck) {rF+ rC+ Regen+}
   (You acquired it on level 4 of the Dungeon)

   [amulet of regeneration]

   rF:        It protects you from fire.
   rC:        It protects you from cold.
   Regen:     It increases your rate of health regeneration.
 l - a ring of magical power (right front paw)
 u - a ring of resist corrosion
Wands
 j - a wand of flame (8)
 p - a wand of iceblast (13)
 q - a wand of acid (11)
Scrolls
 n - a scroll of silence
 r - a scroll of identify
 s - a scroll of enchant weapon
 t - 3 scrolls of teleportation
Potions
 a - 2 potions of attraction
 b - 4 potions of heal wounds
 c - 5 potions of might {unknown}
 d - a potion of ambrosia {unknown}
 e - a potion of magic {unknown}
 f - 3 potions of haste {unknown}
 h - 2 potions of degeneration
 m - a potion of invisibility {unknown}
 o - 3 potions of curing


   Skills:
 + Level 6.7 Fighting
 - Level 1.7 Dodging
 * Level 9.4 Unarmed Combat
 - Level 2.0 Spellcasting
 + Level 6.4 Transmutations
 - Level 5.0 Ice Magic
 - Level 2.0 Poison Magic


You had 4 spell levels left.
You knew the following spells:

 Your Spells              Type           Power      Damage    Failure   Level
a - Beastly Appendage     Tmut           44%        N/A       1%          1
b - Spider Form           Tmut/Pois      7%         N/A       11%         3
c - Ice Form              Ice/Tmut       19%        N/A       21%         4

Your spell library contained the following spells:

 Spells                   Type           Power      Damage    Failure   Level
 Wereblood                Tmut           22%        N/A       2%          2
 Ensorcelled Hibernation  Hex/Ice        18%        N/A       11%         2
 Pain                     Necr           4%         1d4       21%         1
 Tukima's Dance           Hex            1%         N/A       52%         3
 Olgreb's Toxic Radiance  Pois           8%         N/A       65%         4
 Cause Fear               Hex            0%         N/A       90%         4
 Agony                    Necr           1%         N/A       99%         5
 Excruciating Wounds      Necr           0%         N/A       99%         5
 Dragon Form              Tmut           11%        N/A       100%        7
 Ozocubu's Refrigeration  Ice            8%         4d6       100%        7
 Ignition                 Fire           0%         3d3       100%        8
 Dragon's Call            Summ           0%         N/A       100%        9


Dungeon Overview and Level Annotations

Branches:
Dungeon (7/15)             Temple (0/1) D:7         Ossuary (visited)

Altars:
Ashenzari
Kikubaaqudgha
Okawaru
Uskayaw
Yredelemnul

Annotations:
D:5 3 runed translucent doors, emiel's ghost, novice DDNe
D:7 1 runed translucent door, Crazy Yiuf; Harold


Innate Abilities, Weirdness & Mutations

You are a creature of crystalline ice.
You have a powerful freezing melee attack.
You are amphibious.
Your maximum health is increased.
Your armour is entirely melded.
You are incapable of wielding weapons or throwing items.
((You can breathe blasts of scalding, opaque steam.))
((Your pale cyan-grey scales are hard. (AC +7)))
You cannot fit into any form of body armour.
((You are cold-blooded and may be slowed by cold attacks.))
((You are immune to the effects of steam.))


Message History

Harold hits you from afar with a +0 halberd.
You hit the centaur warrior zombie but do no damage.
The centaur warrior zombie is moderately damaged.
The centaur warrior zombie hits you but does no damage.
The centaur warrior zombie kicks you but does no damage.
Harold closely misses you. The centaur warrior zombie hits you.
The centaur warrior zombie kicks you.
You have got your breath back.
Harold casts a spell at you. A sentinel's mark forms upon you.
Harold throws a throwing net.
The throwing net hits you.
You become entangled in the net!
You see here a throwing net.
You tear a large gash into the net.
The centaur wields a +0 shortbow.
The centaur shoots an arrow.
The arrow barely misses you.
You struggle against the net.
You shred the net and break free!
The centaur shoots an arrow.
The arrow barely misses you.
The centaur shoots an arrow.
The arrow hits you! Harold fires a harpoon shot at you.
The harpoon shot hits you!
You are yanked forward by the harpoon shot.
Harold hits you from afar with a +0 halberd!!
* * * LOW HITPOINT WARNING * * *
The centaur shoots an arrow.
The arrow barely misses you.
The centaur shoots an arrow.
The arrow misses you.
Harold points at you and mumbles some strange words.
The mark upon you grows brighter.
Okay, then.
As you read the scroll of teleportation, it crumbles to dust.
You feel strangely unstable.
The centaur shoots an arrow.
The arrow hits you.
* * * LOW HITPOINT WARNING * * *
You hit the centaur. You freeze the centaur.
The centaur is moderately wounded.
The centaur unwields a +0 shortbow.
The centaur closely misses you. x2
You punch the centaur! You freeze the centaur.
You kill the centaur!
Harold says, "Do you have any idea what people are willing to pay to have you killed, kae?"
Harold hits you from afar with a +0 halberd!!
You die...

#.......#...........'.≈.P≈
+.......#....#.#....#....P
###.....>.#...........#....P
#.........#...#...#...######
#...........#.......#....###
#.........#.....>.....#..'..
#..#+####.@.#.......#....#..
##..#...@.##)..#...#......#..
#...Z...c.##Y.............#..
#..[...########..#.#.#.......#..
#...... #..............#..
......c ####...#........+..
..<.... #....#..........#..
....... #...............###
....§.. #...............#..
...§.§. #...............#..
................+..


You could see Harold.

Vanquished Creatures
  Maggie (D:7)
  An ogre (D:7)
  3 sky beasts
  2 necrophages
  2 centaurs (D:7)
  2 phantoms
  A bullfrog (D:6)
  A scorpion (D:5)
  9 water moccasin zombies
  3 water moccasin skeletons
  8 wights
  An electric eel (D:7)
  A howler monkey (D:6)
  A centaur zombie (D:4)
  3 hounds
  A human zombie (D:4)
  An orc priest (D:5)
  A centaur skeleton (D:5)
  4 jellies
  3 bullfrog skeletons
  A gnoll shaman (D:5)
  4 iguanas
  3 orc wizards
  A killer bee zombie (D:6)
  A hound skeleton (D:4)
  5 mummies
  A howler monkey zombie (D:7)
  5 gnolls (D:5)
  5 adders
  2 river rats (D:3)
  2 ufetubi
  12 adder zombies
  4 worms
  5 dart slugs
  14 orcs
  6 ball pythons
  7 bats
  8 endoplasms
  3 giant cockroaches
  5 gnoll zombies (Ossuary)
  9 hobgoblins
  A jackal (D:3)
  7 kobolds
  2 quokkas
  6 frilled lizards
  11 goblins
  5 hobgoblin zombies (Ossuary)
  2 kobold zombies (Ossuary)
  2 orc zombies (Ossuary)
  3 rats
191 creatures vanquished.

Vanquished Creatures (others)
  9 plants
9 creatures vanquished.

Grand Total: 200 creatures vanquished

Notes
Turn   | Place    | Note
-------+----------+-------------------------------------------
     0 | D:1      | kae the Draconian Transmuter began the quest for the Orb.
     0 | D:1      | Reached XP level 1. HP: 16/16 MP: 3/3
    48 | D:1      | Reached XP level 2. HP: 10/23 MP: 5/5
   693 | D:1      | Found a faded altar of an unknown god.
   786 | D:1      | Reached XP level 3. HP: 29/29 MP: 4/6
   790 | D:1      | Learned a level 3 spell: Spider Form
  1569 | D:2      | Found a basalt altar of Yredelemnul.
  1986 | D:2      | Reached skill level 4 in Unarmed Combat
  2026 | D:2      | Reached XP level 4. HP: 32/36 MP: 3/7
  2488 | D:3      | Reached skill level 1 in Poison Magic
  2509 | D:3      | Reached XP level 5. HP: 42/42 MP: 3/8
  2864 | D:3      | Found a glowing drain.
  3596 | D:4      | Identified a scroll of acquirement
  3596 | D:4      | Acquired the amulet "Nusent" {rF+ rC+ Regen+}
  3700 | D:4      | Reached skill level 5 in Unarmed Combat
  3700 | D:4      | Reached XP level 6. HP: 30/51 MP: 9/9
  3784 | D:4      | Learned a level 4 spell: Ice Form
  4079 | D:4      | Found a broken altar of Ashenzari.
  4493 | D:4      | Your scales start taking on a pale cyan-grey colour.
  4493 | D:4      | Reached XP level 7. HP: 57/58 MP: 10/10
  4493 | D:4      | Gained mutation: You are immune to the effects of steam.
                  | [Pale Draconian growth]
  4513 | D:4      | Reached skill level 1 in Ice Magic
  4529 | D:4      | Reached skill level 6 in Unarmed Combat
  4542 | D:4      | Found an ancient bone altar of Kikubaaqudgha.
  4754 | D:5      | Entered Level 5 of the Dungeon
  4775 | D:5      | Reached XP level 8. HP: 67/67 MP: 11/11
  4932 | D:5      | Found a runed translucent gate.
  4932 | D:5      | Found a runed translucent gate.
  4932 | D:5      | Found a runed translucent gate.
  4933 | D:5      | Noticed emiel's ghost (novice DDNe)
  5094 | D:5      | Found a sand-covered staircase.
  5162 | Ossuary  | Entered an ossuary
  5207 | Ossuary  | Reached skill level 7 in Unarmed Combat
  5252 | Ossuary  | Reached skill level 5 in Fighting
  5400 | D:5      | Reached skill level 5 in Transmutations
  5547 | D:5      | Found a hide-covered altar of Uskayaw.
  5701 | D:5      | Reached skill level 5 in Ice Magic
  6102 | D:6      | Reached XP level 9. HP: 69/74 MP: 12/12
  6111 | D:6      | Reached skill level 8 in Unarmed Combat
  6229 | D:6      | Found an iron altar of Okawaru.
  7146 | D:6      | Acquired 736 gold pieces
  7235 | D:7      | Found a staircase to the Ecumenical Temple.
  7301 | D:7      | Found a runed translucent door.
  7302 | D:7      | Noticed Crazy Yiuf
  7332 | D:7      | Reached skill level 9 in Unarmed Combat
  7443 | D:7      | Noticed Maggie
  7462 | D:7      | Killed Maggie
  7692 | D:7      | Noticed Harold
  7715 | D:7      | Slain by Harold

Illustrated notes

Levels and vault maps discovered:
D:1:      lemuel_arrival_broad_hall, layout_rooms,
          ebering_ecumenical_altar_sacrificial, minmay_misc_feat_chi
D:2:      layout_loops_ring, basic_altar, uniq_natasha
D:3:      minmay_wonky_spiral, layout_basic, gup_sewer_entry_bubbles,
          serial_bayou_lake_a
D:4:      layout_cave_pods, ashenzari_altar_1,
          lemuel_mausoleum_altar_kikubaaqudgha, minmay_misc_feat_diagonals,
          minmay_fractal_squares_5
D:5:      layout_basic, mainiacjoe_overflow_tiny_flanked,
          ebering_ghost_rock_garden, nicolae_ossuary_entry_ruins,
          wad_floor_pattern_1
D:6:      layout_layer_cave, okawaru_altar_gauntlet_db, kennysheep_small_circle
D:7:      layout_gridville, minmay_temple_entry_sparse_star,
          serial_bayou_lagoon_a, minmay_misc_feat_room, grunt_ogre_cave,
          serial_bayou_pond_a, grunt_ministairs_2, uniq_crazy_yiuf_cottage,
          uniq_maggie, uniq_harold

Skill      XL: |  1  2  3  4  5  6  7  8  9 |
---------------+----------------------------+-----
Fighting       | 2 3 4 5 6 |  6.7
Unarmed Combat | 4 5 6 7 9 |  9.4
Poison Magic   | 1 2 |  2.0
Transmutations | 3 4 5 6 |  6.4
Ice Magic      | 3 5 |  5.0
Dodging        | |  1.7
Spellcasting   | |  2.0

Action                   |  1- 3 |  4- 6 |  7- 9 || total
-------------------------+-------+-------+-------++-------
Melee: Unarmed           |   120 |   216 |   278 ||   614
       Kick              |    10 |    16 |    24 ||    50
       Tailslap          |     7 |     9 |    22 ||    38
       Headbutt          |     7 |     6 |    17 ||    30
       Punch             |       |     5 |     7 ||    12
 Cast: Beastly Appendage |    23 |    19 |    30 ||    72
       Spider Form       |     1 |    13 |     5 ||    19
       Ice Form          |       |       |     2 ||     2
 Abil: Breathe Steam     |       |       |    26 ||    26
  Use: Scroll            |     4 |     2 |    14 ||    20
Armor: Skin              |    55 |    23 |    77 ||   155
Dodge: Dodged            |   121 |   171 |   214 ||   506

Table legend: (Time is in decaauts)
 A = Elapsed time spent in this place.
 B = Non-inter-level travel time spent in this place.
 C = Inter-level travel time spent in this place.
 D = Time resting spent in this place.
 E = Time spent auto-exploring this place.
 F = Levels seen in this place.
 G = Mean time per level.
                   A        B        C        D        E       F      G
               +--------+--------+--------+--------+--------+-----+--------+
         Total |   7745 |   7397 |    348 |    130 |   5785 |   8 |  968.1 |
       Dungeon |   7575 |   7227 |    348 |    130 |   5702 |   7 | 1082.1 |
       Ossuary |    170 |    170 |      0 |      0 |     83 |   1 |  170.0 |
               +--------+--------+--------+--------+--------+-----+--------+

Top non-repeatable levels by time:
     D:3: 1374 daAuts
     D:1: 1249 daAuts
     D:6: 1209 daAuts
     D:4: 1155 daAuts
     D:2: 1028 daAuts
     D:5: 1001 daAuts
     D:7: 556 daAuts
 Ossuary: 170 daAuts
